 Dungeon Crawl Stone Soup version 0.27.0-1-g7a089689b8 (webtiles) character file.

Game seed: 9771611995986277043

81825 dtburroughs the Fighter (level 15, -12/207 HPs)
             Began as a Minotaur Berserker on Aug 9, 2021.
             Was a High Priest of Trog.
             Killed from afar by a deep elf pyromancer (26 damage)
             ... with a bolt of fire
             ... on level 15 of the Dungeon.
             The game lasted 00:52:54 (24646 turns).

dtburroughs the Fighter (Minotaur Berserker)       Turns: 24646, Time: 00:52:54

Health: -12/207    AC: 22    Str: 23    XL:     15   Next: 27%
Magic:  14/14      EV: 11    Int:  5    God:    Trog [*****.]
Gold:   1312       SH: 13    Dex: 12    Spells: 14/14 levels left

rFire    . . .     SeeInvis .   Q - +8 hand axe of Oenomania {vorpal, rN+ Will+++ Int-2}
rCold    . . .     Faith    .   v - +0 kite shield
rNeg     + + .     Spirit   .   E - +0 plate armour
rPois    .         Reflect  .   (helmet restricted)
rElec    .         Harm     .   u - scarf {repulsion}
rCorr    .         Rampage  .   K - +1 pair of gloves
Will     ++++.                  B - +2 pair of boots
Stlth    ..........             c - amulet of regeneration
HPRegen  1.44/turn              b - ring of flight
MPRegen  0.14/turn              R - ring of positive energy

@: berserking, flying, repel missiles, very quick
A: horns 2, retaliatory headbutt
a: Renounce Religion, Berserk, Trog's Hand, Brothers in Arms


You were on level 15 of the Dungeon.
You worshipped Trog.
Trog was extremely pleased with you.
You visited 3 branches of the dungeon, and saw 22 of its levels.

You collected 1312 gold pieces.

Inventory:

Hand Weapons
 y - a +3 flail of holy wrath
 Q - the +8 hand axe of Oenomania (weapon) {vorpal, rN+ Will+++ Int-2}
   (Trog gifted it to you on level 1 of the Lair of Beasts)

   It inflicts extra damage upon your enemies.
   Int:       It affects your intelligence (-2).
   rN:        It protects you from negative energy.
   Will:      It greatly increases your willpower.
Armour
 i - a scarf of harm
 u - a scarf of repulsion (worn)
 v - a +0 kite shield (worn)
 B - a +2 pair of boots (worn)
 E - a +0 plate armour (worn)
 K - a +1 pair of gloves (worn)
Jewellery
 b - a ring of flight (left hand)
 c - an amulet of regeneration (around neck)
 R - a ring of positive energy (right hand)
Wands
 a - a wand of acid (12)
 f - a wand of digging (8)
 l - a wand of mindburst (6)
 o - a wand of charming (7)
 z - a wand of iceblast (31)
 C - a wand of flame (42)
 Z - a wand of paralysis (6)
Scrolls
 e - 6 scrolls of magic mapping
 h - a scroll of summoning {unknown}
 j - 2 scrolls of silence {unknown}
 k - 7 scrolls of identify
 n - 2 scrolls of vulnerability {unknown}
 p - 3 scrolls of fog
 r - a scroll of immolation {unknown}
 w - 8 scrolls of teleportation
 x - 3 scrolls of blinking {unknown}
 H - a scroll of acquirement {unknown}
 M - a scroll of brand weapon {unknown}
 O - 3 scrolls of enchant weapon
 S - 3 scrolls of fear {unknown}
 V - a scroll of holy word {unknown}
 W - a scroll of torment {unknown}
Potions
 d - 4 potions of curing
 g - a potion of degeneration {unknown}
 m - 4 potions of flight {unknown}
 q - a potion of heal wounds
 s - 4 potions of attraction {unknown}
 t - 4 potions of ambrosia
 F - 2 potions of berserk rage {unknown}
 G - a potion of resistance {unknown}
 I - 2 potions of lignification {unknown}
 J - 2 potions of invisibility {unknown}
 N - 2 potions of might
 T - a potion of haste {unknown}
 Y - a potion of cancellation {unknown}
Miscellaneous
 L - a box of beasts


   Skills:
 + Level 14.2 Fighting
 + Level 14.1 Axes
 + Level 14.0 Armour
 + Level 13.0 Dodging
 + Level 12.0 Shields
 + Level 9.4 Evocations


You had 14 spell levels left.
You didn't know any spells.
Your spell library was empty.

Dungeon Overview and Level Annotations

Branches:
Dungeon (15/15)            Temple (0/1) D:6            Lair (6/6) D:10
 Shoals (0/4) Lair:2        Snake (1/4) Lair:4        Slime (0/5) Lair:5
    Orc (0/2) D:10         Vaults (0/5) D:14
 Depths: D:15

Altars:
Dithmenos
Elyvilon
Makhleb
Okawaru
Qazlal
Ru
Xom
Yredelemnul
Jiyva

Shops:
D:9 [[?   D:10 ([


Innate Abilities, Weirdness & Mutations

You have a pair of horns on your head.
You reflexively headbutt those who attack you in melee.


Message History

You feel yourself moving faster!
You feel mighty!
Agnes hits you with a +1 lajatang of pain!!
Agnes says, "It is my duty to kill you, but also my pleasure."
Agnes hits you with a +1 lajatang of pain!
You barely miss Agnes.
Agnes is lightly wounded.
You hit Agnes.
Agnes is lightly wounded.
Agnes hits you with a +1 lajatang of pain!!
* * * LOW HITPOINT WARNING * * *
You slice Agnes!! Your headbutt misses Agnes.
Agnes is moderately wounded.
Agnes hits you with a +1 lajatang of pain!
* * * LOW HITPOINT WARNING * * *
You slash Agnes! You headbutt Agnes!
Agnes is severely wounded.
Agnes hits you with a +1 lajatang of pain!!
* * * LOW HITPOINT WARNING * * *
You writhe in agony.
* * * LOW HITPOINT WARNING * * *
You are too berserk!
Your plate armour prevents you from hitting Agnes.
Your headbutt misses Agnes.
Agnes is severely wounded.
You slash Agnes!
Agnes is severely wounded.
Agnes closely misses you.
You slash Agnes!
Agnes is almost dead.
Agnes hits you with a +1 lajatang of pain.
* * * LOW HITPOINT WARNING * * *
You closely miss Agnes.
Agnes is almost dead.
Agnes barely misses you.
You slash Agnes!
You kill Agnes!
Trog accepts your kill.
The deep elf pyromancer gestures at you while chanting.
The bolt of fire hits you!!
You die...

#............##
##........ ##
#..###.... ##.
#.## #### ##..
#.# ##... #.#
##.... ##.#
#..... #.##
#..... #@#
#.<... #)#
##.... #e#
#.... ..R..☼s##
##... .☼..○..
#... ○......
#... .......
##.. ......#
##. ...?.. ##


You could see a wolf spider and a deep elf pyromancer.

Vanquished Creatures
  Agnes (D:15)
  The ghost of Upnaff the Fighter, a journeyman MiBe of Trog (Lair:5)
  Harold (D:7)
  5 hydras
  A rakshasa (D:12)
  Erolcha (D:11)
  3 centaur warriors (D:13)
  A death knight (D:12)
  An ogre mage (D:14)
  A catoblepas (Lair:2)
  7 two-headed ogres
  2 boulder beetles
  10 death yaks
  4 tengu warriors
  A wizard (D:14)
  An orc knight (D:10)
  Pikel (D:6)
  2 deep elf pyromancers
  2 manticores
  5 elephants
  5 cyclopes
  6 black mambas
  Joseph (D:7)
  Maggie (D:6)
  2 torpor snails
  A gargoyle (D:14)
  15 cane toads
  An unseen horror (D:11)
  Psyche (D:11)
  4 kobold demonologists
  5 komodo dragons
  An efreet (D:15)
  3 tengu conjurers
  10 polar bears
  A wind drake (Lair:2)
  8 trolls
  5 hornets
  31 blink frogs
  10 slime creatures (D:13)
  17 dream sheep
  A vampire (D:10)
  A spriggan (shapeshifter) (D:14)
  12 spriggans (Lair:6)
  A water elemental (D:14)
  4 wyverns
  53 yaks
  2 shadows
  4 basilisks
  6 vampire mosquitoes
  A steam dragon (D:8)
  Edmund (D:6)
  5 nagas (Lair:4)
  11 water moccasins
  2 ice beasts
  4 orc warriors
  A necrophage (D:4)
  A sky beast (D:6)
  4 black bears
  3 ogres
  4 boggarts (Lair:6)
  10 centaurs
  41 wolves
  5 kobold brigands
  4 bullfrogs
  A gnoll sergeant (D:5)
  4 scorpions
  A water moccasin zombie (D:6)
  3 wights (D:6)
  2 electric eels (D:6)
  2 centaur zombies
  3 hounds
  A jelly (D:7)
  Crazy Yiuf (D:2)
  5 orc priests
  A centaur skeleton (D:7)
  An iguana (D:6)
  4 orc wizards
  2 howler monkey zombies
  13 gnolls
  8 adders
  A shadow imp (D:6)
  An ufetubus (D:6)
  An adder skeleton (D:4)
  2 worms (D:4)
  2 dart slugs
  49 orcs
  6 bats
  6 endoplasms
  8 giant cockroaches
  24 goblins
  10 hobgoblins
  6 jackals
  3 quokkas
  9 ball pythons
  27 kobolds
  6 rats
  A bush (Lair:4)
574 creatures vanquished.

Vanquished Creatures (collateral kills)
  A hydra (Lair:5)
  A death drake (shapeshifter) (D:14)
  An orb spider (shapeshifter) (D:14)
3 creatures vanquished.

Vanquished Creatures (others)
  An unseen horror (D:12)
  2 bushes (Lair:4)
  30 fungi
  47 plants
80 creatures vanquished.

Grand Total: 657 creatures vanquished

Notes
Turn   | Place    | Note
-------+----------+-------------------------------------------
     0 | D:1      | dtburroughs the Minotaur Berserker began the quest for the
                  | Orb.
     0 | D:1      | Reached XP level 1. HP: 19/19 MP: 0/0
   232 | D:1      | Reached XP level 2. HP: 22/27 MP: 1/1
   546 | D:1      | Found a faded altar of an unknown god.
   978 | D:2      | Reached ** piety under Trog
  1033 | D:2      | Reached XP level 3. HP: 25/33 MP: 2/2
  1647 | D:2      | Reached XP level 4. HP: 26/40 MP: 3/3
  1786 | D:2      | Found a runed translucent door.
  1787 | D:2      | Noticed Crazy Yiuf
  1978 | D:2      | Killed Crazy Yiuf
  2643 | D:4      | Noticed a necrophage
  2657 | D:4      | Killed a necrophage
  2658 | D:4      | Reached XP level 5. HP: 45/47 MP: 4/4
  2748 | D:4      | Reached skill level 5 in Fighting
  2876 | D:4      | Reached skill level 5 in Axes
  3088 | D:4      | Reached XP level 6. HP: 52/56 MP: 5/5
  3113 | D:4      | Reached *** piety under Trog
  3321 | D:4      | Found a stormy altar of Qazlal.
  3658 | D:5      | Entered Level 5 of the Dungeon
  4185 | D:5      | HP: 2/84 [gnoll sergeant (13)]
  4382 | D:5      | Reached skill level 5 in Armour
  4382 | D:5      | Reached XP level 7. HP: 62/62 MP: 6/6
  4697 | D:5      | Found a burning altar of Makhleb.
  4839 | D:6      | Noticed Edmund
  4848 | D:6      | Killed Edmund
  4849 | D:6      | Reached skill level 5 in Dodging
  4952 | D:6      | Reached XP level 8. HP: 70/71 MP: 7/7
  5185 | D:6      | Noticed Maggie
  5212 | D:6      | Killed Maggie
  5470 | D:6      | Found a shimmering altar of Xom.
  5479 | D:6      | Found a shimmering altar of Xom.
  5519 | D:6      | HP: 4/106 [wight (10)]
  5584 | D:6      | Found a shimmering altar of Xom.
  5584 | D:6      | Found a shimmering altar of Xom.
  5584 | D:6      | Found a shimmering altar of Xom.
  5616 | D:6      | Found a shimmering altar of Xom.
  5620 | D:6      | Found a shimmering altar of Xom.
  5656 | D:6      | Noticed Pikel
  5669 | D:6      | Killed Pikel
  5670 | D:6      | Reached XP level 9. HP: 81/81 MP: 8/8
  5802 | D:6      | Reached **** piety under Trog
  5947 | D:6      | Found a staircase to the Ecumenical Temple.
  6316 | D:7      | Noticed Joseph
  6326 | D:7      | Killed Joseph
  6327 | D:7      | Reached skill level 1 in Shields
  6343 | D:7      | Reached skill level 1 in Evocations
  6455 | D:7      | Noticed Harold
  6466 | D:7      | Killed Harold
  6624 | D:7      | Reached ***** piety under Trog
  6824 | D:7      | Reached XP level 10. HP: 80/91 MP: 9/9
  7835 | D:8      | Found a white marble altar of Elyvilon.
  8513 | D:8      | Noticed a two-headed ogre
  8521 | D:8      | Killed a two-headed ogre
  9078 | D:9      | Received a gift from Trog
  9107 | D:9      | Found Yjost's Antique Armour Shop.
  9171 | D:9      | Found Hyfron's Magic Scroll Shoppe.
  9489 | D:9      | Found Wemas's Antique Armour Boutique.
  9591 | D:9      | Found a basalt altar of Yredelemnul.
  9973 | D:10     | Entered Level 10 of the Dungeon
  9984 | D:10     | Noticed a four-headed hydra
  9984 | D:10     | Noticed a tengu warrior
 10095 | D:10     | Noticed a two-headed ogre
 10100 | D:10     | Reached skill level 5 in Shields
 10242 | D:10     | Reached skill level 10 in Fighting
 10242 | D:10     | Killed a two-headed ogre
 10243 | D:10     | Reached skill level 10 in Axes
 10243 | D:10     | Reached XP level 11. HP: 49/99 MP: 10/10
 10474 | D:10     | Found Runath's Armour Emporium.
 10474 | D:10     | Found a staircase to the Orcish Mines.
 10475 | D:10     | Noticed an orc knight
 10507 | D:10     | Killed an orc knight
 10591 | D:10     | Found Edinon's Weapon Emporium.
 10774 | D:10     | Found a staircase to the Lair.
 10786 | D:10     | Noticed a two-headed ogre
 10798 | D:10     | Killed a two-headed ogre
 10799 | D:10     | Reached skill level 10 in Armour
 11103 | D:10     | Killed a tengu warrior
 11174 | D:10     | Killed a four-headed hydra
 11358 | D:10     | Found a shadowy altar of Dithmenos.
 11359 | D:10     | Found a sacrificial altar of Ru.
 11369 | D:10     | Reached skill level 5 in Evocations
 11420 | D:11     | Noticed Psyche
 11423 | D:11     | Killed Psyche
 12053 | D:11     | Noticed Erolcha
 12057 | D:11     | Killed Erolcha
 12060 | D:11     | Noticed a boulder beetle
 12674 | D:11     | Killed a boulder beetle
 12675 | D:11     | Reached XP level 12. HP: 100/110 MP: 11/11
 13015 | Lair:1   | Entered Level 1 of the Lair of Beasts
 13037 | Lair:1   | Reached skill level 10 in Dodging
 13261 | Lair:1   | Identified the +8 hand axe of Oenomania {vorpal, rN+
                  | Will+++ Int-2} (Trog gifted it to you on level 1 of the
                  | Lair of Beasts)
 13261 | Lair:1   | Received a gift from Trog
 14615 | Lair:2   | Noticed a catoblepas
 14625 | Lair:2   | Killed a catoblepas
 14783 | Lair:2   | Found a gate leading to a gauntlet.
 14894 | Lair:2   | Found a staircase to the Shoals.
 15033 | Lair:2   | Reached XP level 13. HP: 118/118 MP: 12/12
 15888 | Lair:3   | Identified the +2 robe of Qizegogh {Rampage}
 16542 | Lair:4   | Found a staircase to the Snake Pit.
 17421 | Snake:1  | Entered Level 1 of the Snake Pit
 17855 | Lair:4   | Reached skill level 10 in Shields
 18147 | Lair:5   | Found a staircase to the Slime Pits.
 18147 | Lair:5   | Found a viscous altar of Jiyva.
 18235 | Lair:5   | Found a runed translucent gate.
 18235 | Lair:5   | Found a runed translucent gate.
 18235 | Lair:5   | Found a runed translucent gate.
 18237 | Lair:5   | Noticed Upnaff's ghost (journeyman MiBe)
 18658 | Lair:6   | Entered Level 6 of the Lair of Beasts
 19239 | Lair:5   | Reached XP level 14. HP: 95/129 MP: 13/13
 19368 | Lair:6   | Reached ****** piety under Trog
 19404 | Lair:6   | Received a gift from Trog
 20647 | Lair:6   | Identified the +5 chain mail of Weirdness {Harm MP+9 Int-2
                  | Dex+3}
 20692 | Lair:6   | Received a gift from Trog
 22030 | Lair:5   | Killed Upnaff's ghost
 22669 | D:13     | Reached XP level 15. HP: 106/137 MP: 14/14
 23606 | D:14     | Found a gate to the Vaults.
 23626 | D:14     | HP: 5/138 [poison (dark miasma)]
 23931 | D:14     | Found an iron altar of Okawaru.
 23937 | D:14     | Received a gift from Trog
 24196 | D:15     | Entered Level 15 of the Dungeon
 24629 | D:15     | Noticed Agnes
 24646 | D:15     | Killed Agnes
 24646 | D:15     | Killed from afar by a deep elf pyromancer

Illustrated notes

Levels and vault maps discovered:
D:1:      elethiomel_arrival_maze, layout_rooms,
          hellmonk_ecumenical_altar_crossroads, serial_bayou_pond_e,
          st_stairs_7, minmay_misc_feat_rows
D:2:      layout_basic, minmay_fractal_squares_gapless_5,
          uniq_crazy_yiuf_cottage
D:3:      layout_loops_ring
D:4:      cheibrodos_barr_body, layout_cave_pods, grunt_qazlal_clouds
D:5:      layout_rooms, makhleb_blood_cavern_becter
D:6:      layout_gridville, nicolae_xom_altar_mimics, minmay_temple_entry_tees,
          kennysheep_minor_cross, serial_bayou_lake_a, uniq_edmund, uniq_pikel,
          uniq_maggie
D:7:      corexii_shantytown, layout_loops_corners, uniq_joseph, uniq_harold
D:8:      layout_layer_cave, mainiacjoe_overflow_concentric_impassable
D:9:      layout_stronghold, general_overflow_altar, serial_shops,
          nicolae_stop_n_shop_2, shop, nicolae_square_shop
D:10:     layout_roguey, minitemple, lair_entry_dummy, orc_david_3,
          eino_small_chamber_without_monster, minivault_20
D:11:     layout_long_grid, uniq_psyche, uniq_erolcha
D:12:     layout_cave_pools, kennysheep_diamond
D:13:     layout_basic, nrook_campfire
D:14:     layout_long_grid, david_vaults_2, kennysheep_path_1,
          okawaru_altar_gauntlet_db
D:15:     hangedman_depths_entry_try_elsewhere_first, layout_cave_pods,
          nicolae_sif_muna_little_library, uniq_agnes
Lair:1:   layout_cellular_growth, grunt_megastairs_4
Lair:2:   layout_hall_layers, minmay_shoals_entry_beasts,
          gauntlet_entry_generic, chequers_serial_rivers_micro_d,
          lemuel_old_faithful
Lair:3:   layout_layer_cave, minivault_25
Lair:4:   layout_regular_city, minmay_snake_entry_guardpost_medium,
          minivault_23, wad_woods_06
Lair:5:   layout_cave_pods, slime_altar_1, gammafunk_ghost_hydra_chop,
          infiniplex_staircase_pool
Lair:6:   minmay_lair_end_enchanted_forest, layout_gridlike
Snake:1:  layout_basic, basic_altar, serial_shops, nicolae_shop_behind_doors

Skill      XL: |  1  2  3  4  5  6  7  8  9 10 11 12 13 14 15 |
---------------+----------------------------------------------+-----
Fighting       | 4 5 6 8 9 10 11 12 13 14 | 14.2
Axes           | 4 5 6 8 9 10 11 12 13 14 | 14.1
Armour         | 3 4 5 6 7 8 9 10 11 12 13 14 | 14.0
Dodging        | 3 4 5 6 7 8 9 10 11 12 13 | 13.0
Shields        | 3 5 7 9 10 11 12 | 12.0
Evocations     | 2 4 5 6 8 9 |  9.4

Action                   |  1- 3 |  4- 6 |  7- 9 | 10-12 | 13-15 || total
-------------------------+-------+-------+-------+-------+-------++-------
Melee: Hand axe          |    61 |   158 |   210 |   197 |   796 ||  1422
       Headbutt          |     8 |    32 |    58 |   107 |   187 ||   392
       War axe           |       |       |    41 |   411 |       ||   452
       Flail             |       |       |       |     6 |    32 ||    38
Invok: Berserk           |       |     2 |     5 |    10 |     6 ||    23
       Trog's Hand       |       |       |       |     1 |     3 ||     4
       Brothers in Arms  |       |       |       |       |     3 ||     3
Evoke: Wand              |       |       |     8 |     8 |     2 ||    18
  Use: Scroll            |       |       |       |     5 |     9 ||    14
       Potion            |       |       |       |       |     8 ||     8
 Stab: Distracted        |       |       |       |       |     1 ||     1
Armor: Animal skin       |    16 |       |       |       |       ||    16
       Chain mail        |       |    90 |    97 |       |       ||   187
       Plate armour      |       |       |    20 |   399 |   334 ||   753
Dodge: Dodged            |    59 |    78 |    71 |   189 |   264 ||   661
Block: Kite shield       |       |     3 |   104 |   370 |   501 ||   978
